 Dungeon Crawl Stone Soup version 0.27.0-1-g7a089689b8 (webtiles) character file.

Game seed: 6411434747953266901

26 sanka the Skirmisher (level 3, -2/37 HPs)
             Began as an Ogre Enchanter on Aug 13, 2021.
             Was a Believer of Nemelex Xobeh.
             Slain by a worm (7 damage)
             ... on level 2 of the Dungeon.
             The game lasted 00:01:45 (1792 turns).

sanka the Skirmisher (Ogre Enchanter)               Turns: 1792, Time: 00:01:46

Health: -2/37      AC:  3    Str: 13    XL:     3   Next: 8%
Magic:  6/6        EV:  9    Int: 16    God:    Nemelex Xobeh [**....]
Gold:   15         SH:  0    Dex:  9    Spells: 5/6 levels left

rFire    . . .     SeeInvis .   a - +1 dagger
rCold    . . .     Faith    .   (no shield)
rNeg     . . .     Spirit   .   b - +0 robe
rPois    .         Reflect  .   (helmet restricted)
rElec    .         Harm     .   (no cloak)
rCorr    .         Rampage  .   (gloves unavailable)
Will     .....                  (boots unavailable)
Stlth    ++........             (no amulet)
HPRegen  0.12/turn              (no ring)
MPRegen  0.10/turn              (no ring)

@: no status effects
A: large, unfitting armour, tough skin 1
a: Renounce Religion, Draw Escape, Draw Destruction, Draw Summoning


You were on level 2 of the Dungeon.
You worshipped Nemelex Xobeh.
Nemelex Xobeh was pleased with you.
You visited 1 branch of the dungeon, and saw 2 of its levels.

You collected 15 gold pieces.


Innate Abilities, Weirdness & Mutations

You are too large for most types of armour.
You have tough skin. (AC +1)


   Skills:
 + Level 3.5 Fighting
 - Level 0.8 Short Blades
 - Level 1.7 Dodging
 - Level 2.1 Stealth
 - Level 2.4 Spellcasting
 - Level 2.6 Hexes


You had 5 spell levels left.
You knew the following spells:

 Your Spells              Type           Power      Damage    Failure   Level
Z - Corona                Hex            11%        N/A       7%          1

Your spell library contained the following spells:

 Spells                   Type           Power      Damage    Failure   Level
 Ensorcelled Hibernation  Hex/Ice        12%        N/A       17%         2
 Confusing Touch          Hex            10%        N/A       21%         3
 Tukima's Dance           Hex            10%        N/A       21%         3
 Dazzling Flash           Conj/Hex       12%        N/A       34%         3

Inventory:

Hand Weapons
 a - a +1 dagger (weapon)
Armour
 b - a +0 robe (worn)
Scrolls
 c - a scroll of silence {unknown}
 d - a scroll of identify {unknown}
Potions
 e - a potion of ambrosia {unknown}
 f - a potion of heal wounds {unknown}
 g - 2 potions of resistance {unknown}

Dungeon Overview and Level Annotations

Branches:
Dungeon (2/15)

Altars:
Nemelex Xobeh

▒▒▒▒▒▒▒▒▒▒
▒........▒
▒........+
▒▒▒▒........▒
▒.......▒▒▒.
▒.▒▒▒▒▒w▒ ▒.▒
▒O▒ ▒.▒▒▒▒▒.▒
▒.....▒.▒
▒▒▒▒▒.▒?▒
▒.▒.▒
▒▒+▒▒▒.▒.▒
▒..<▒▒.▒.▒
▒...▒▒.▒.▒
+...+..▒.▒


You could see a worm.


Message History

The worm bites you.
* * * LOW HITPOINT WARNING * * *
You hit the worm.
The worm is moderately wounded.
You hit the worm.
The worm is moderately wounded.
The worm closely misses you.
You hit the worm.
The worm is heavily wounded.
You hit the worm.
The worm is severely wounded.
The worm bites you.
* * * LOW HITPOINT WARNING * * *
You hit the worm.
The worm is severely wounded.
You hit the worm.
The worm is severely wounded.
The worm bites you!
* * * LOW HITPOINT WARNING * * *
You hit the worm.
The worm is severely wounded.
The worm bites you.
* * * LOW HITPOINT WARNING * * *
You barely miss the worm.
The worm is severely wounded.
You hit the worm but do no damage.
The worm is severely wounded.
The worm bites you!
You die...
Your body disappears without a glow.

Action                   || total
-------------------------++-------
Melee: Dagger            ||   130
 Cast: Corona            ||     1
 Stab: Sleeping          ||     4
Armor: Robe              ||    19
Dodge: Dodged            ||    30

Levels and vault maps discovered:
D:1:      dpeg_arrival_solitude, layout_basic,
          ebering_ecumenical_altar_abandoned, minmay_misc_feat_nine_boxes
D:2:      layout_basic, basic_altar, corner_web_ring

Notes
Turn   | Place    | Note
-------+----------+-------------------------------------------
     0 | D:1      | sanka the Ogre Enchanter began the quest for the Orb.
     0 | D:1      | Reached XP level 1. HP: 16/16 MP: 3/3
   176 | D:1      | Reached skill level 1 in Fighting
   304 | D:1      | Reached skill level 2 in Fighting
   459 | D:1      | Found a faded altar of an unknown god.
   463 | D:1      | Reached XP level 2. HP: 28/28 MP: 5/5
   469 | D:1      | Became a worshipper of Nemelex Xobeh the Trickster
   469 | D:1      | Reached * piety under Nemelex Xobeh
   889 | D:1      | Reached skill level 3 in Fighting
   994 | D:1      | Received a gift from Nemelex Xobeh
  1259 | D:2      | Reached ** piety under Nemelex Xobeh
  1312 | D:2      | Reached XP level 3. HP: 15/37 MP: 6/6
  1792 | D:2      | Slain by a worm

Vanquished Creatures
  A worm (D:2)
  3 endoplasms
  A giant cockroach (D:1)
  6 goblins (D:1)
  A hobgoblin (D:1)
  A quokka (D:1)
  A ball python (D:1)
  2 bats (D:1)
  2 frilled lizards
  2 kobolds (D:1)
  A rat (D:2)
21 creatures vanquished.
